 Dungeon Crawl Stone Soup version 0.31-a0-133-gaae73658be (webtiles) character file.

Game seed: 5495005952997204167

80 avis the Chopper (level 4, 0/41 HPs)
             Began as a Hill Orc Monk on June 3, 2023.
             Slain by a cerulean imp
             ... wielding a +1 spear
             ... summoned by Natasha
              (6 damage)
             ... on level 3 of the Dungeon.
             The game lasted 00:05:30 (1377 turns).

avis the Chopper (Hill Orc Monk)                    Turns: 1377, Time: 00:05:31

Health: 0/41       AC:  7    Str: 15    XL:     4   Next: 39%
Magic:  4/4        EV: 10    Int: 10    God:
Gold:   72         SH:  0    Dex: 13    Spells: 3/3 levels left

rFire   . . .        a - +0 hand axe
rCold   . . .        d - orb {light}
rNeg    . . .        u - +0 scale mail
rPois   .            (no helmet)
rElec   .            (no cloak)
rCorr   .            h - +0 pair of gloves
SInv    .            (no boots)
Will    .....        (no amulet) Stlth
                     (no ring)
HPRegen 0.26/turn    (no ring)
MPRegen 0.09/turn

%: no passive effects
@: glowing
A: no striking features
a: no special abilities


You were on level 3 of the Dungeon.
You visited 1 branch of the dungeon, and saw 3 of its levels.

You collected 72 gold pieces.

Inventory:

Hand Weapons
 a - a +0 hand axe (weapon)
 f - a +0 spear
 g - a +0 sling
 l - a +1 dagger of electrocution
Armour
 d - an orb of light (worn)
 h - a +0 pair of gloves (worn)
 u - a +0 scale mail (worn)
Scrolls
 e - a scroll of acquirement {unknown}
 i - 2 scrolls of identify {unknown}
 j - a scroll of immolation {unknown}
 k - a scroll of poison {unknown}
 p - a scroll of teleportation {unknown}
 r - a scroll of enchant armour {unknown}
 t - a scroll of noise {unknown}
Potions
 b - a potion of degeneration {unknown}
 c - a potion of ambrosia
 m - 2 potions of magic {unknown}
 n - a potion of berserk rage {unknown}
 o - a potion of brilliance {unknown}
 q - a potion of haste {unknown}
 s - a potion of attraction {unknown}
 v - a potion of curing {unknown}


   Skills:
 + Level 4.6 Fighting
 * Level 6.0 Axes
 - Level 2.4 Dodging


You had 3 spell levels left.
You didn't know any spells.
Your spell library contained the following spells:

 Spells                   Type           Power      Damage    Failure   Level
 Freeze                   Ice            0%         1d3       85%         1
 Shock                    Conj/Air       0%         1d3       85%         1
 Frozen Ramparts          Ice            0%         1d1       99%         3
 Hailstorm                Conj/Ice       0%         3d3       99%         3
 Swiftness                Air            0%         N/A       99%         3
 Airstrike                Air            0%         2d(0-16)  100%        4


Dungeon Overview and Level Annotations

Branches:
Dungeon (3/15)

Altars:

Annotations:
D:3 Natasha


Message History

The cerulean imp hits you with a +1 spear.
You closely miss Natasha.
Natasha is moderately wounded.
You barely miss the cerulean imp.
Natasha stares at you and mumbles some strange words.
The magic dart hits you. The cerulean imp misses you.
You hit Natasha.
Natasha is moderately wounded.
You hit the cerulean imp but do no damage.
Natasha claws you. The cerulean imp completely misses you.
You barely miss Natasha.
Natasha is moderately wounded.
You hit the cerulean imp. Natasha casts a spell at you.
The magic dart hits you!
The cerulean imp hits you with a +1 spear.
You barely miss Natasha.
Natasha is moderately wounded.
You hit the cerulean imp. Natasha closely misses you.
The cerulean imp hits you but does no damage.
You hit Natasha but do no damage.
Natasha is moderately wounded.
You hit the cerulean imp but do no damage.
Natasha claws you.
The cerulean imp hits you but does no damage.
You closely miss Natasha.
Natasha is moderately wounded.
You barely miss the cerulean imp. Natasha claws you.
The cerulean imp completely misses you.
You hit Natasha.
Natasha is heavily wounded.
You closely miss the cerulean imp. Natasha claws you.
* * * LOW HITPOINT WARNING * * *
The cerulean imp hits you but does no damage.
You barely miss Natasha.
Natasha is heavily wounded.
You closely miss the cerulean imp. Natasha claws you.
* * * LOW HITPOINT WARNING * * *
The cerulean imp hits you with a +1 spear.
You die...

.... #.# #.##..##..#
#..##.###### #.##..##..#
#..........# #.##..##..#
#.....####)# #.##..##.
#####....##.########........
.#.....#.##...............(.
.#..####.##############..###
.#.......# ####..5.......#
...####..###....@h......##
.†#####.........########
.........###.#### ...#.###.#
#.# ..)#.# #.# #.#
.....###†# #.# ........)#
#.# .....###.# #.#
...#.###.###.#


You could see Natasha and a cerulean imp (summoned).

Vanquished Creatures
  2 adders (D:3)
  A worm (D:3)
  3 dart slugs
  7 ball pythons
  4 endoplasms
  2 giant cockroaches
  3 goblins
  4 hobgoblins
  8 jackals
  3 quokkas
  3 bats
  3 frilled lizards (D:1)
  6 rats
49 creatures vanquished.

Notes
Turn   | Place    | Note
-------+----------+-------------------------------------------
     0 | D:1      | avis the Hill Orc Monk began the quest for the Orb.
     0 | D:1      | Reached XP level 1. HP: 19/19 MP: 1/1
    78 | D:1      | Reached XP level 2. HP: 16/27 MP: 2/2
   295 | D:1      | Reached skill level 5 in Axes
   422 | D:1      | Reached XP level 3. HP: 33/33 MP: 3/3
  1217 | D:3      | Reached XP level 4. HP: 41/41 MP: 4/4
  1326 | D:3      | Reached skill level 6 in Axes
  1365 | D:3      | Noticed Natasha
  1377 | D:3      | Slain by a cerulean imp

Illustrated notes

Levels and vault maps discovered:
D:1:      eino_arrival_water_cross, layout_rooms
D:2:      layout_rooms, kennysheep_generic_room_5
D:3:      layout_loops_ring, lemuel_coloured_pillars_altar,
          nicolae_figureground_pulse, uniq_robin, uniq_jessica, uniq_natasha

Skill      XL: |  1  2  3  4 |
---------------+-------------+-----
Fighting       | 4 |  4.6
Axes           | 5 6 |  6.0
Dodging        | |  2.4

Action                     |  1- 3 |  4- 6 || total
---------------------------+-------+-------++-------
  Melee: Hand axe          |   109 |    27 ||   136
 Armour: Robe              |     7 |       ||     7
         Ring mail         |    15 |       ||    15
         Scale mail        |    13 |     8 ||    21
  Dodge: Dodged            |    80 |     7 ||    87

Table legend: (Time is in decaauts)
 A = Elapsed time spent in this place.
 B = Non-inter-level travel time spent in this place.
 C = Inter-level travel time spent in this place.
 D = Time resting spent in this place.
 E = Time spent auto-exploring this place.
 F = Levels seen in this place.
 G = Mean time per level.
                   A        B        C        D        E       F      G
               +--------+--------+--------+--------+--------+-----+--------+
         Total |   1383 |   1231 |    152 |     77 |    745 |   3 |  461.0 |
       Dungeon |   1383 |   1231 |    152 |     77 |    745 |   3 |  461.0 |
               +--------+--------+--------+--------+--------+-----+--------+

Top non-repeatable levels by time:
     D:1: 677 daAuts
     D:2: 507 daAuts
     D:3: 198 daAuts
